 Dungeon Crawl Stone Soup version 0.28.0-45-g0d030f2227 (webtiles) character file.

Game seed: 17183117583519893567

2106 seaoflcl the Slasher (level 9, -2/68 HPs)
             Began as a Human Fighter on Apr 10, 2022.
             Was a Priest of Qazlal.
             Slain by a two-headed ogre
             ... wielding a +0 giant spiked club
              (25 damage)
             ... on level 7 of the Dungeon.
             The game lasted 00:12:09 (5319 turns).

seaoflcl the Slasher (Human Fighter)                Turns: 5319, Time: 00:12:09

Health: -2/68      AC: 13    Str: 18    XL:     9   Next: 53%
Magic:  9/9        EV:  5    Int:  9    God:    Qazlal [***...]
Gold:   317        SH: 18    Dex: 15    Spells: 8/8 levels left

rFire   . . .      SeeInvis .   y - +6 dagger (venom)
rCold   . . .      Faith    .   g - +0 tower shield
rNeg    . . .      Spirit   .   b - +0 chain mail
rPois   .          Reflect  .   j - +0 helmet
rElec   .          Harm     .   f - +0 cloak
rCorr   .          Rampage  .   (no gloves)
Will    .....                   l - +0 pair of boots
Stlth   ..........              (no amulet)
HPRegen 0.21/turn               (no ring)
MPRegen 0.11/turn               (no ring)

@: no status effects
A: no striking features
a: Renounce Religion, Upheaval, Elemental Force


You were on level 7 of the Dungeon.
You worshipped Qazlal.
Qazlal was most pleased with you.
You visited 2 branches of the dungeon, and saw 8 of its levels.

You collected 317 gold pieces.

Inventory:

Hand Weapons
 a - a +0 long sword
 d - a +3 vampiric scythe
 s - a +1 whip of flaming
 y - a +6 dagger of venom (weapon)
 D - a +1 vorpal dire flail
Missiles
 c - a throwing net (quivered)
Armour
 b - a +0 chain mail (worn)
 f - a +0 cloak (worn)
 g - a +0 tower shield (worn)
 j - a +0 helmet (worn)
 l - a +0 pair of boots (worn)
Jewellery
 e - a +4 ring of evasion
 C - a ring of resist corrosion
Wands
 k - a wand of flame (16)
 A - a wand of polymorph (10)
Scrolls
 h - 2 scrolls of teleportation {unknown}
 n - a scroll of silence {unknown}
 o - 2 scrolls of fog {unknown}
 p - 2 scrolls of enchant armour {unknown}
 q - 2 scrolls of torment {unknown}
 t - a scroll of noise {unknown}
 v - a scroll of holy word {unknown}
 z - a scroll of vulnerability {unknown}
 B - a scroll of blinking {unknown}
Potions
 i - 2 potions of cancellation
 m - a potion of lignification
 r - a potion of degeneration
 u - a potion of flight {unknown}
 w - a potion of heal wounds {unknown}
 x - a potion of brilliance {unknown}
 E - 2 potions of mutation {unknown}


   Skills:
 + Level 5.0 Fighting
 + Level 2.0(4.9) Short Blades
 + Level 7.0(7.2) Long Blades
 + Level 5.9 Armour
 + Level 2.9 Dodging
 + Level 1.9 Stealth
 + Level 6.4 Shields


You had 8 spell levels left.
You didn't know any spells.
Your spell library contained the following spells:

 Spells                   Type           Power      Damage    Failure   Level
 Sandblast                Erth           0%         2d4       100%        1
 Passwall                 Tmut/Erth      0%         N/A       100%        2
 Stone Arrow              Conj/Erth      0%         3d7       100%        3
 Airstrike                Air            0%         N/A       100%        4
 Summon Lightning Spire   Summ/Air       0%         N/A       100%        4
 Lightning Bolt           Conj/Air       0%         1d11      100%        5


Dungeon Overview and Level Annotations

Branches:
Dungeon (7/15)             Temple (1/1) D:4

Altars:
Ashenzari
Cheibriados
Elyvilon
Gozag
Hepliaklqana
Kikubaaqudgha
Makhleb
Nemelex Xobeh
Okawaru
Qazlal
Sif Muna
Uskayaw
Vehumet
Wu Jian
Xom
Yredelemnul
Zin
The Shining One

Shops:
D:5 =   D:6 =


Message History

You hit the two-headed ogre.
The two-headed ogre is poisoned.
The two-headed ogre is lightly wounded.
You block the two-headed ogre's attack. x2
You hit the two-headed ogre but do no damage.
The two-headed ogre looks as sick as possible!
The two-headed ogre is lightly wounded.
The two-headed ogre hits you with a +0 giant spiked club!!
You block the two-headed ogre's attack.
You hit the two-headed ogre.
The two-headed ogre looks as sick as possible!
The two-headed ogre is moderately wounded.
The two-headed ogre hits you with a +0 giant spiked club!
You block the two-headed ogre's attack.
You hit the two-headed ogre.
The two-headed ogre looks as sick as possible!
The two-headed ogre is moderately wounded.
You block the jelly's attack. You block the two-headed ogre's attack.
The two-headed ogre hits you with a +0 giant club!
You hit the two-headed ogre.
The two-headed ogre looks as sick as possible!
The two-headed ogre is moderately wounded.
You block the jelly's attack. You block the two-headed ogre's attack.
The two-headed ogre barely misses you. You block the jelly's attack.
You hit the jelly.
The jelly is poisoned.
Your hands burn!
The jelly is heavily wounded.
You hit the two-headed ogre.
The two-headed ogre looks as sick as possible!
The two-headed ogre is heavily wounded.
You block the two-headed ogre's attack. The two-headed ogre barely misses you.
You hit the two-headed ogre but do no damage.
The two-headed ogre looks as sick as possible!
The two-headed ogre is severely wounded.
You block the jelly's attack.
The two-headed ogre hits you with a +0 giant spiked club.
The two-headed ogre hits you but does no damage.
You barely miss the two-headed ogre.
The two-headed ogre is severely wounded.
The two-headed ogre hits you with a +0 giant spiked club!!
You die...

#.. #..# #.$#
.# #..# .# #..#
.#
#####..####.# #
............#.#
#..§OJ....#
#..##@....###
#..#<○....)..
#..##.....###
..........#
....####.###
.##.## ## .. #.
.. ..


You could see a two-headed ogre (extremely poisoned) and a jelly (very
poisoned).

Vanquished Creatures
  Pikel (D:4)
  Sigmund (D:2)
  Eustachio (D:5)
  A steam dragon (D:6)
  Edmund (D:6)
  Duvessa (D:5)
  A black bear (D:6)
  A necrophage (D:6)
  Blork the orc (D:5)
  A scorpion (D:6)
  Dowan (D:5)
  3 killer bees (D:6)
  Crazy Yiuf (D:6)
  3 hounds (D:5)
  A jelly (D:5)
  2 orc priests
  3 iguanas
  3 orc wizards
  A hound skeleton (D:4)
  5 gnolls
  3 adders
  An ufetubus (D:4)
  An adder skeleton (D:4)
  A worm (D:5)
  2 dart slugs
  6 orcs
  6 endoplasms
  2 giant cockroaches
  4 goblins
  5 hobgoblins
  3 jackals (D:4)
  A quokka (D:1)
  5 ball pythons
  A bat (D:3)
  3 frilled lizards
  6 kobolds
  2 rats
85 creatures vanquished.

Notes
Turn   | Place    | Note
-------+----------+-------------------------------------------
     0 | D:1      | seaoflcl the Human Fighter began the quest for the Orb.
     0 | D:1      | Reached XP level 1. HP: 18/18 MP: 1/1
   120 | D:1      | Found a faded altar of an unknown god.
   125 | D:1      | Prayed at the altar of an unknown god.
   125 | D:1      | Became a worshipper of Qazlal Stormbringer
   125 | D:1      | Reached * piety under Qazlal
   395 | D:1      | Reached XP level 2. HP: 17/24 MP: 2/2
   998 | D:2      | Noticed Sigmund
  1011 | D:2      | Killed Sigmund
  1012 | D:2      | Reached skill level 3 in Long Blades
  1012 | D:2      | Reached skill level 1 in Dodging
  1012 | D:2      | Reached XP level 3. HP: 23/30 MP: 3/3
  1012 | D:2      | Reached XP level 4. HP: 28/37 MP: 4/4
  1012 | D:2      | Reached XP level 5. HP: 32/42 MP: 5/5
  1168 | D:3      | Reached XP level 6. HP: 46/48 MP: 6/6
  1382 | D:3      | Reached ** piety under Qazlal
  2088 | D:3      | Found an ornate altar of the Wu Jian Council.
  2434 | D:4      | Reached skill level 4 in Long Blades
  2487 | D:4      | Reached XP level 7. HP: 32/54 MP: 7/7
  2761 | D:4      | Noticed Pikel
  2809 | D:4      | Killed Pikel
  2810 | D:4      | Reached skill level 5 in Long Blades
  2810 | D:4      | Reached skill level 5 in Armour
  2810 | D:4      | Reached XP level 8. HP: 8/61 MP: 8/8
  3381 | D:4      | Found a shimmering altar of Xom.
  3470 | D:4      | Found a shimmering blue altar of Sif Muna.
  3617 | D:4      | Found a burning altar of Makhleb.
  3617 | D:4      | Noticed an Executioner
  3670 | D:4      | Found a staircase to the Ecumenical Temple.
  3677 | Temple   | Entered the Ecumenical Temple
  3748 | D:5      | Entered Level 5 of the Dungeon
  3764 | D:5      | Found a sparkling altar of Nemelex Xobeh.
  3866 | D:5      | Found a basalt altar of Yredelemnul.
  3876 | D:5      | Noticed Eustachio
  3887 | D:5      | Reached skill level 6 in Long Blades
  3899 | D:5      | Killed Eustachio
  3900 | D:5      | Reached skill level 5 in Shields
  3918 | D:5      | Noticed Dowan
  3921 | D:5      | Noticed Duvessa
  3933 | D:5      | Reached skill level 1 in Stealth
  3935 | D:5      | Killed Duvessa
  3935 | D:5      | Killed Dowan
  3977 | D:5      | Noticed Blork the orc
  3987 | D:5      | Killed Blork the orc
  3988 | D:5      | Reached XP level 9. HP: 66/66 MP: 9/9
  4197 | D:5      | Found Ciaguije's One-of-a-Kind Rings.
  4236 | D:5      | Found an ancient bone altar of Kikubaaqudgha.
  4360 | D:6      | Reached *** piety under Qazlal
  4514 | D:6      | Found Wymun's Jewellery Shop.
  4533 | D:6      | Reached skill level 7 in Long Blades
  4555 | D:6      | Reached skill level 1 in Short Blades
  4741 | D:6      | Reached skill level 5 in Fighting
  4969 | D:6      | Noticed Edmund
  4979 | D:6      | Killed Edmund
  5052 | D:6      | Found a glowing silver altar of Zin.
  5168 | D:6      | Found a runed translucent door.
  5169 | D:6      | Noticed Crazy Yiuf
  5177 | D:6      | Killed Crazy Yiuf
  5181 | D:6      | Identified the +4 mace of Cheese {venom, Fragile rN++}
  5304 | D:7      | Noticed a two-headed ogre
  5319 | D:7      | Slain by a two-headed ogre

Illustrated notes

Levels and vault maps discovered:
D:1:      denvon_arrival_waterhouse, layout_loops_cross,
          ebering_ecumenical_altar_box, minmay_split_cup_large
D:2:      layout_rooms, uniq_sigmund
D:3:      layout_rooms, nicolae_wu_jian_wuxing_cycle, hex_intersection
D:4:      layout_rooms, makhleb_altar_promises_db,
          mainiacjoe_overflow_cross_hatched, tgw_xom, temple_statues, uniq_pikel
D:5:      layout_gridville, nemelex_xobeh_ov_fountains_minmay,
          lemuel_tele_altar, mainiacjoe_overflow_six_doors_small,
          nicolae_shop_unique_rings, uniq_blork_the_orc, uniq_eustachio,
          uniq_duvessa
D:6:      layout_rooms, zin_statuary, serial_shops, nicolae_shop_trees,
          uniq_edmund, uniq_crazy_yiuf_cottage
D:7:      hellmonk_destroyed_diamonds, layout_loops_ring,
          nicolae_ru_great_annihilating_truth, lemuel_round_altar,
          nicolae_ossuary_entry_plus, uniq_harold, uniq_maggie
Temple:   chequers_temple_sunken

Skill      XL: |  1  2  3  4  5  6  7  8  9 |
---------------+----------------------------+-----
Long Blades    | 3 4 5 6 7 |  7.0
Dodging        | 1 2 |  2.9
Armour         | 4 5 |  5.9
Shields        | 4 5 6 |  6.4
Fighting       | 4 5 |  5.0
Stealth        | 1 |  1.9
Short Blades   | 2 |  2.0

Action                   |  1- 3 |  4- 6 |  7- 9 || total
-------------------------+-------+-------+-------++-------
Melee: Long sword        |    45 |    99 |   128 ||   272
       Dagger            |       |       |    83 ||    83
  Use: Potion            |     1 |     2 |     2 ||     5
       Scroll            |       |       |     2 ||     2
Armor: Scale mail        |    14 |    74 |    47 ||   135
       Chain mail        |       |       |    50 ||    50
       Skin              |       |       |     2 ||     2
Dodge: Dodged            |    26 |    34 |    70 ||   130
Block: Buckler           |    18 |    49 |    26 ||    93
       Tower shield      |       |       |   137 ||   137
